 Dungeon Crawl Stone Soup version 0.18-a0-1229-ge9a1a01 (webtiles) character file.

30 ololoev the Firebug (level 3, -4/19 HPs)
             Began as a Deep Elf Fire Elementalist on Feb 4, 2016.
             Slain by a gnoll
             ... wielding a +0 halberd
              (7 damage)
             ... on level 2 of the Dungeon.
             The game lasted 00:02:16 (353 turns).

ololoev the Firebug (Deep Elf Fire Elementalist)     Turns: 353, Time: 00:02:16

Health: -4/19      AC:  3    Str:  5    XL:     3   Next: 5%
Magic:  5/9        EV: 13    Int: 20    God:
Gold:   63         SH:  0    Dex: 15    Spells: 3 memorised, 1 level left

rFire  . . .     SeeInvis .     h - +0 short sword
rCold  . . .     Gourm    .     a - +0 robe
rNeg   . . .     Faith    .     (no shield)
rPois  .         Spirit   .     (no helmet)
rElec  .         Dismiss  .     (no cloak)
rCorr  .         Reflect  .     g - +0 pair of gloves
SustAt .         Harm     .     (no boots)
MR     .....                    f - amulet of rage
Stlth  ++........               (no ring)
                                (no ring)

@: not resistant to hostile enchantments, unstealthy
A: no striking features
a: Evoke Berserk Rage

Inventory:

Hand Weapons
 h - a +0 short sword (weapon)
Armour
 a - a +0 robe (worn)
 g - a +0 pair of gloves (worn)
Jewellery
 f - an amulet of rage (around neck)
Scrolls
 e - a scroll of enchant armour {unknown}
Potions
 j - a potion of flight {unknown}
Books
 b - a book of Flames

   Spells                             Type                      Level
   a - Flame Tongue                   Conjuration/Fire             1
   b - Throw Flame                    Conjuration/Fire             2
   c - Conjure Flame                  Conjuration/Fire             3
   d - Inner Flame                    Hexes/Fire                   3
   e - Sticky Flame                   Conjuration/Fire             4
   f - Fireball                       Conjuration/Fire             5
Comestibles
 c - a bread ration
 d - a fruit


   Skills:
 - Level 2.4 Dodging
 - Level 2.4 Stealth
 + Level 3.3 Spellcasting
 * Level 2.5 Conjurations
 + Level 3.7 Fire Magic


You had one spell level left.
You knew the following spells:

 Your Spells              Type           Power        Failure   Level  Hunger
a - Flame Tongue          Conj/Fire      ###..        4%          1    None
b - Conjure Flame         Conj/Fire      ###.....     14%         3    ###....
e - Inner Flame           Hex/Fire       ##......     21%         3    ###....


You were on level 2 of the Dungeon.
You were not hungry.

You visited 1 branch of the dungeon, and saw 2 of its levels.

You collected 63 gold pieces.

####
#.#######.....
#gg.g@....#
######.####
#.# ########
#.###.......
#.>....#
#####..# #..#
#..# #..#

Notes
Turn   | Place    | Note
--------------------------------------------------------------
     0 | D:1      | ololoev the Deep Elf Fire Elementalist began the quest for the Orb.
     0 | D:1      | Reached XP level 1. HP: 10/10 MP: 6/6
   175 | D:1      | Reached XP level 2. HP: 15/15 MP: 6/8
   322 | D:2      | Reached XP level 3. HP: 1/19 MP: 1/9
   327 | D:2      | Learned a level 3 spell: Conjure Flame
   331 | D:2      | Learned a level 3 spell: Inner Flame
   353 | D:2      | Slain by a gnoll

Dungeon Overview and Level Annotations

Branches:
Dungeon (2/15)

Altars:


Message History

Casting: Flame Tongue
Confirm with . or Enter, or press ? or * to list all spells.
Aiming: Flame Tongue
Press: ? - help, Shift-Dir - straight line, f/p - worm
Aim: a worm (heavily wounded)
The flame tongue hits the worm.
The worm is almost dead.
The worm bites you!
Ouch! That really hurt!
Casting: Flame Tongue
Confirm with . or Enter, or press ? or * to list all spells.
Aiming: Flame Tongue
Press: ? - help, Shift-Dir - straight line, f/p - worm
Aim: a worm (almost dead)
The flame tongue hits the worm.
You kill the worm!
You have reached level 3!
Your experience leads to an increase in your attributes!
Increase (S)trength, (I)ntelligence, or (D)exterity?
You feel clever.
Memorise Conjure Flame, consuming 3 spell levels and leaving 4?
You start memorising the spell.
You continue memorising. x3
You finish memorising.
Spell assigned to 'b'.
Memorise Inner Flame, consuming 3 spell levels and leaving 1?
You start memorising the spell.
You continue memorising. x3
You finish memorising.
Spell assigned to 'c'.
Adjust (i)tems, (s)pells, or (a)bilities?
Adjust which spell? c - Inner Flame Adjust to which letter? e - Inner Flame You see here a worm corpse.
Found a leather armour.
Your magical contamination has completely faded away.
Found an escape hatch in the floor.
There is an escape hatch in the floor here. 3 gnolls come into view.
The gnoll shouts! x2; You hear a shout!
The gnoll hits you with a halberd!
You die...

You could see 3 gnolls.

Vanquished Creatures
  An adder (D:2)
  2 worms (D:2)
  3 bats (D:1)
  A giant cockroach (D:2)
  A goblin (D:1)
  2 hobgoblins
  3 jackals (D:1)
  A giant newt (D:1)
  A rat (D:1)
15 creatures vanquished.

Action                   || total
-------------------------++-------
Melee: Unarmed           ||    27
 Cast: Flame Tongue      ||    25
 Abil: Evoke Berserk Rag ||     2
  Use: Potion            ||     1

Vault maps used:
D:1:      wheals_arrival_shading
D:2:      uniq_crazy_yiuf_cottage
